 Dungeon Crawl Stone Soup version 0.26-a0-651-gb41185065b (webtiles) character file.

Game seed: 13250636564354503048

112906 Flugslaktarn the Severer (level 15, 0/150 HPs)
             Began as a Deep Dwarf Fighter on Oct 13, 2020.
             Was a High Priest of Makhleb.
             Slain by a merfolk impaler
             ... wielding a +5 trident of protection
              (1 damage)
             ... on level 4 of the Shoals.
             The game lasted 00:10:59 (14240 turns).

Flugslaktarn the Severer (Deep Dwarf Fighter)      Turns: 14240, Time: 00:10:59

Health: 0/150      AC: 27    Str: 21    XL:     15   Next: 79%
Magic:  2/2        EV: 12    Int: 10    God:    Makhleb [*****.]
Gold:   2549       SH: 12    Dex: 20    Spells: 14/14 levels left

rFire    + . .     SeeInvis +   p - +7 broad axe (freeze)
rCold    . . .     Faith    .   O - +0 kite shield {rF+}
rNeg     + + +     Spirit   .   F - +7 chain mail "Ymnoitet" {rN++ MR- rCorr Dex+4}
rPois    +         Reflect  .   j - +1 helmet
rElec    .         Harm     .   B - +0 cloak
rCorr    +         Rampage  +   (no gloves)
MR       ++...                  a - +2 pair of boots {rampage}
Stlth    ..........             (no amulet)
HPRegen  0.00/turn              v - ring of the Townfolk {rPois SInv}
MPRegen  0.08/turn              D - ring of protection from magic

@: non-regenerating, hasted, very quick
A: damage resistance, heal wounds, negative energy resistance 1, sense
surroundings 2, no regeneration
}: 1/15 runes: gossamer
a: Heal Wounds, Minor Destruction, Lesser Servant of Makhleb, Major Destruction,
Greater Servant of Makhleb, Renounce Religion


You were on level 4 of the Shoals.
You worshipped Makhleb.
Makhleb was extremely pleased with you.
You visited 4 branches of the dungeon, and saw 26 of its levels.
You also visited: Ossuary.

You collected 2664 gold pieces.
You spent 115 gold pieces at shops.

Inventory:

Hand Weapons
 p - a +7 broad axe of freezing (weapon)
   (You took it off Maggie on level 9 of the Dungeon)
Missiles
 e - 4 throwing nets (quivered)
Armour
 a - a +2 pair of boots of rampaging (worn)
   (You acquired it on level 12 of the Dungeon)
 j - a +1 helmet (worn)
   (You found it on level 4 of the Dungeon)
 B - a +0 cloak (worn)
   (You took it off Crazy Yiuf on level 4 of the Dungeon)
 E - a +0 plate armour
   (You took it off an orc warrior on level 11 of the Dungeon)
 F - the +7 chain mail "Ymnoitet" (worn) {rN++ MR- rCorr Dex+4}
   (You found it on level 15 of the Dungeon)

   It affects your dexterity (+4).
   It greatly protects you from negative energy.
   It affects your resistance to hostile enchantments.
   It provides partial protection from all sources of acid and corrosion.
 I - a scarf of resistance
   (You found it on level 6 of the Dungeon)
 J - a +2 tower shield
   (You found it on level 1 of the Spider Nest)
 O - a +0 kite shield of fire resistance (worn)
   (You took it off a tengu warrior on level 14 of the Dungeon)
Jewellery
 m - an uncursed ring of protection from magic
   (You found it on level 11 of the Dungeon)
 s - a +4 ring of protection {unknown}
   (You found it on level 14 of the Dungeon)
 v - the ring of the Townfolk (left hand) {rPois SInv}
   (You bought it in a shop on level 5 of the Dungeon)

   [ring of poison resistance]

   It protects you from poison.
   It lets you see invisible.
 D - a ring of protection from magic (right hand)
   (You found it on level 11 of the Dungeon)
Wands
 g - a wand of digging (5)
   (You found it on level 13 of the Dungeon)
 i - a wand of iceblast (7)
   (You found it on level 12 of the Dungeon)
 u - a wand of enslavement (8)
   (You took it off Maurice on level 10 of the Dungeon)
 y - a wand of acid (6)
   (You found it on level 11 of the Dungeon)
 H - a wand of paralysis (15)
   (You found it on level 2 of the Lair of Beasts)
Scrolls
 b - a scroll of fog
 l - 3 scrolls of magic mapping
 r - a scroll of immolation
 t - 8 scrolls of teleportation
 x - 20 scrolls of remove curse
 z - 3 scrolls of blinking
 G - a scroll of vulnerability
 P - a scroll of enchant armour
Potions
 c - a potion of cancellation {unknown}
 d - 3 potions of might
 f - 2 potions of berserk rage
 h - a potion of haste
 k - 6 potions of flight
 n - 5 potions of resistance
 o - 2 potions of lignification
 q - 2 potions of curing
 w - 6 potions of heal wounds
 A - a potion of mutation
 C - 3 potions of ambrosia
 K - 2 potions of invisibility {unknown}


   Skills:
 * Level 13.9 Fighting
 * Level 16.0 Axes
 + Level 12.1 Armour
 - Level 7.8 Dodging
 + Level 9.7 Shields
 + Level 13.0 Invocations
 + Level 7.9 Evocations


You had 14 spell levels left.
You didn't know any spells.
Your spell library was empty.

Dungeon Overview and Level Annotations

Branches:
Dungeon (15/15)            Temple (0/1) D:5            Lair (3/6) D:11
 Shoals (4/4) Lair:3       Spider (4/4) Lair:3          Orc (0/2) D:11
 Vaults (0/5) D:14         Depths (0/5) D:15        Ossuary (visited)

Altars:
Elyvilon
Fedhas
Hepliaklqana
Makhleb
Nemelex Xobeh
Ru
Sif Muna
Trog
Vehumet
Yredelemnul
Zin
The Shining One

Shops:
D:5 *   D:11 :   D:14 (

Annotations:
D:9 2 transporters
D:13 3 runed translucent doors, Bial's ghost, journeyman MiFi
Lair:3 exclusion: oklob plant
Shoals:1 2 transporters, Weimiffu's ghost, adept DDEE


Innate Abilities, Weirdness & Mutations

You are resistant to damage.
You can heal yourself by infusing magical energy.
You resist negative energy. (rN+)
You passively map the area around you.
You do not regenerate.


Message History

You fall asleep.
The merfolk impaler hits you with a +5 trident of protection!!
You wake up.
* * * LOW HITPOINT WARNING * * *
Evoke which item? (* to show all) (? for menu, Esc to quit)
Okay, then.
You feel yourself speed up.
The centaur shoots an arrow.
The arrow hits your balrug!
The centaur warrior shoots an arrow.
The arrow hits your balrug!!
A dream sheep comes into view.
You block the snapping turtle's attack. You block the merfolk impaler's attack.
Your balrug barely misses the merfolk.
The merfolk hits you from afar with a +0 trident!
* * * LOW HITPOINT WARNING * * *
The merfolk hits you with a +0 trident!
* * * LOW HITPOINT WARNING * * *
The centaur shoots an arrow.
The arrow hits your balrug.
A cyclops comes into view.
The merfolk impaler hits you with a +5 trident of protection.
You die...

≈≈ , ≈ ≈ , *
≈≈≈≈≈...)..≈≈≈≈≈...
, ≈ ≈
≈≈≈≈≈≈cccc≈≈≈≈≈≈...
, , ≈
≈≈≈≈≈≈cc≈≈≈≈≈≈≈≈...
≈
≈≈≈≈≈≈≈≈≈≈≈≈≈≈≈....
,
≈≈≈≈≈≈≈≈≈≈≈≈.......,
, ≈≈
≈≈≈≈≈≈≈≈≈...tm.....
* ≈≈
≈≈≈≈≈≈≈≈..2m.......
* *
.≈≈≈≈≈≈<.((@m$.....
≈≈≈
..........(.Y......
,
####........(..Y...
,,*
≈≈≈##...?.≈≈≈≈CY...
, * ##)...≈≈≈≈.....,
, , * ≈ ,
#....≈≈≈≈YY..C ≈ ,≈
#...!≈≈≈≈....Y * * ,
#....######... , * ,
* , ,, ≈


You could see a merfolk impaler, a snapping turtle, 2 merfolk, a centaur
warrior, a faun, 2 cyclopes, 4 centaurs, 6 dream sheep and a friendly balrug
(summoned).

Vanquished Creatures
  Asterion (Spider:4)
  Gastronok (Lair:2)
  A ghost moth (Spider:4)
  Aizul (Shoals:3)
  3 emperor scorpions
  An entropy weaver (Lair:3)
  A spark wasp (Spider:4)
  2 merfolk javelineers (Shoals:3)
  2 merfolk impalers
  Harold (D:7)
  A vault guard (D:14)
  3 hydras
  A rakshasa (D:14)
  Erica (D:8)
  A catoblepas (D:15)
  An alligator snapping turtle (Shoals:3)
  5 centaur warriors
  A tengu warrior (D:14)
  2 ogre magi (D:15)
  3 two-headed ogres
  Nergalle (D:10)
  2 sea snakes (Shoals:3)
  A glowing orange brain (D:15)
  2 unseen horrors
  2 wizards (D:15)
  Pikel (D:6)
  A harpy (Shoals:3)
  8 wolf spiders
  3 orb spiders
  2 ugly things
  4 deep elf magi
  2 manticores
  5 cyclopes
  A moth of wrath (Spider:1)
  A black mamba (Lair:1)
  A black mamba (shapeshifter) (D:15)
  A merfolk siren (Shoals:3)
  A water nymph (Shoals:1)
  Maurice (D:10)
  A gargoyle (D:14)
  A torpor snail (Spider:2)
  Psyche (D:8)
  6 cane toads
  3 centaur skeletons
  3 komodo dragons
  Maggie (D:9)
  5 demonic crawlers
  2 kobold demonologists
  3 meliai (D:15)
  16 jumping spiders
  2 polar bears (D:10)
  4 trolls
  8 merfolk
  9 hornets
  A wind drake (Shoals:3)
  4 blink frogs (Lair:3)
  A hippogriff (shapeshifter) (D:15)
  18 slime creatures
  8 hippogriffs
  4 snapping turtles
  3 shadows
  11 tarantellas
  A centaur simulacrum (D:14)
  36 redbacks
  4 wraiths
  5 wyverns
  A water elemental (Shoals:3)
  A hog (shapeshifter) (D:15)
  A basilisk (Lair:2)
  Eustachio (D:4)
  21 yaks
  10 vampire mosquitoes
  A soldier ant (D:12)
  Menkaure (D:4)
  An acid dragon (D:14)
  Duvessa (D:4)
  2 water moccasins
  3 porcupines
  An orc warrior (D:11)
  2 sky beasts
  A black bear (D:11)
  2 phantoms
  A hornet zombie (D:15)
  3 eyes of draining
  4 ice beasts
  10 ogres
  13 centaurs
  6 crocodiles
  5 big kobolds
  17 bullfrogs
  2 gnoll sergeants
  3 water moccasin zombies (Ossuary)
  Dowan (D:4)
  4 scorpions
  14 killer bees
  16 wights
  2 electric eels (D:15)
  A howler monkey (D:8)
  A bullfrog zombie (D:6)
  3 centaur zombies
  7 hounds
  8 orc wizards
  3 bullfrog skeletons
  5 jellies
  7 orc priests
  Crazy Yiuf (D:4)
  An iguana (D:14)
  9 worker ants
  2 big kobold zombies (Ossuary)
  A hound zombie (D:9)
  2 mummies (Ossuary)
  9 gnolls
  A howler monkey skeleton (D:9)
  9 adders
  2 shadow imps (D:6)
  5 white imps
  An ufetubus (D:10)
  4 adder zombies
  A worm (D:4)
  5 leopard geckos
  21 orcs
  A giant cockroach (D:4)
  2 goblins
  5 hobgoblins
  5 quokkas
  A frilled lizard (D:4)
  3 gnoll zombies (Ossuary)
  3 hobgoblin zombies (Ossuary)
  12 kobolds
  A leopard gecko zombie (D:6)
  3 orc zombies (Ossuary)
  A quokka skeleton (D:4)
  A rat (D:3)
532 creatures vanquished.

Vanquished Creatures (collateral kills)
  Kirke (Spider:4)
  2 ghost moths (Spider:4)
  3 emperor scorpions (Spider:4)
  A spark wasp (Spider:4)
  3 hydras
  A satyr (Shoals:3)
  2 two-headed ogres (D:12)
  5 orb spiders
  6 wolf spiders
  A cyclops (D:14)
  2 ugly things (D:15)
  2 demonic crawlers (Spider:4)
  6 jumping spiders
  2 merfolk (Shoals:3)
  A hornet (Spider:4)
  A slime creature (D:15)
  6 redbacks
  3 tarantellas (Spider:4)
  A yak (D:12)
  A hog (Spider:4)
  A black bear (D:11)
  An eye of draining (D:12)
  A big kobold (D:12)
  A kobold (D:12)
54 creatures vanquished.

Vanquished Creatures (others)
  An orb spider (Spider:4)
  3 humans (Spider:4)
  A merfolk (Shoals:4)
  An adder (D:8)
  A fungus (Lair:2)
  39 plants
46 creatures vanquished.

Grand Total: 632 creatures vanquished

Notes
Turn   | Place    | Note
-------+----------+-------------------------------------------
     0 | D:1      | Flugslaktarn the Deep Dwarf Fighter began the quest for the
                  | Orb.
     0 | D:1      | Reached XP level 1. HP: 20/20 MP: 1/1
    75 | D:2      | Found a basalt altar of Yredelemnul.
    76 | D:2      | Found a sparkling altar of Nemelex Xobeh.
    86 | D:2      | Reached XP level 2. HP: 17/27 MP: 2/2
    91 | D:2      | Found a radiant altar of Vehumet.
    93 | D:2      | Found a shimmering blue altar of Sif Muna.
   226 | D:4      | Reached XP level 3. HP: 28/34 MP: 3/3
   230 | D:4      | Reached skill level 3 in Axes
   238 | D:4      | Reached XP level 4. HP: 40/42 MP: 4/4
   254 | D:4      | Noticed Menkaure
   263 | D:4      | Killed Menkaure
   263 | D:4      | Reached skill level 4 in Axes
   263 | D:4      | Reached XP level 5. HP: 47/50 MP: 5/5
   304 | D:4      | Found a sand-covered staircase.
   311 | Ossuary  | Entered an ossuary
   355 | Ossuary  | Reached XP level 6. HP: 41/57 MP: 6/6
   452 | Ossuary  | Reached skill level 5 in Axes
   550 | D:4      | Noticed Dowan
   551 | D:4      | Noticed Duvessa
   560 | D:4      | Killed Dowan
   560 | D:4      | Reached skill level 1 in Dodging
   560 | D:4      | Reached XP level 7. HP: 58/66 MP: 7/7
   577 | D:4      | Killed Duvessa
   620 | D:4      | Found a white marble altar of Elyvilon.
   628 | D:4      | Reached skill level 5 in Fighting
   723 | D:4      | Reached skill level 5 in Armour
   756 | D:4      | Found a burning altar of Makhleb.
   758 | D:4      | Found a glowing silver altar of Zin.
   758 | D:4      | Noticed a balrug
   758 | D:4      | Noticed an angel
   830 | D:4      | Became a worshipper of Makhleb the Destroyer
   853 | D:4      | Found a runed translucent door.
   854 | D:4      | Noticed Crazy Yiuf
   867 | D:4      | Killed Crazy Yiuf
   965 | D:4      | Noticed Eustachio
   995 | D:4      | Killed Eustachio
   995 | D:4      | Reached skill level 6 in Axes
   995 | D:4      | Reached skill level 1 in Invocations
  1216 | D:5      | Entered Level 5 of the Dungeon
  1267 | D:5      | Reached XP level 8. HP: 58/75 MP: 6/8
  1292 | D:5      | Identified the cursed +3 hunting sling of Disaster {freeze,
                  | Int+3}
  1518 | D:5      | Found Vutzox's Assorted Antiques.
  1526 | D:5      | Bought a transparent platinum ring for 115 gold pieces
  1526 | D:5      | Identified the ring of the Townfolk {rPois SInv} (You
                  | bought it in a shop on level 5 of the Dungeon)
  1540 | D:5      | Found a staircase to the Ecumenical Temple.
  2096 | D:5      | Found a hazy altar of Hepliaklqana.
  2266 | D:6      | Noticed Pikel
  2289 | D:6      | Killed Pikel
  2289 | D:6      | Reached skill level 7 in Axes
  2336 | D:6      | Reached * piety under Makhleb
  2358 | D:6      | Gained mutation: You passively map the area around you.
                  | [Deep Dwarf growth]
  2358 | D:6      | Reached XP level 9. HP: 64/85 MP: 9/9
  2612 | D:6      | Found a bloodstained altar of Trog.
  3170 | D:7      | Reached skill level 8 in Axes
  3471 | D:7      | Noticed Harold
  3508 | D:7      | Killed Harold
  3508 | D:7      | Reached skill level 5 in Dodging
  3508 | D:7      | Reached skill level 5 in Invocations
  3830 | D:8      | Noticed Psyche
  3841 | D:8      | Killed Psyche
  3841 | D:8      | Reached skill level 9 in Axes
  3841 | D:8      | Reached XP level 10. HP: 32/96 MP: 9/9
  4111 | D:8      | Reached ** piety under Makhleb
  4158 | D:8      | Noticed Erica
  4190 | D:8      | Killed Erica
  4564 | D:9      | Noticed a deep elf knight
  4565 | D:9      | Found a transporter.
  4569 | D:9      | Found a transporter.
  4734 | D:9      | Found a sacrificial altar of Ru.
  4735 | D:9      | Found a blossoming altar of Fedhas.
  4736 | D:9      | Found a glowing golden altar of the Shining One.
  4843 | D:9      | Noticed Maggie
  4857 | D:9      | Killed Maggie
  4857 | D:9      | Reached skill level 10 in Axes
  5056 | D:10     | Entered Level 10 of the Dungeon
  5062 | D:10     | Noticed Nergalle
  5083 | D:10     | Killed Nergalle
  5156 | D:10     | Found a bloodstained altar of Trog.
  5344 | D:10     | Reached *** piety under Makhleb
  5427 | D:10     | Reached XP level 11. HP: 72/106 MP: 9/9
  5597 | D:10     | Noticed Maurice
  5615 | D:10     | Killed Maurice
  5954 | D:11     | Found a staircase to the Orcish Mines.
  6009 | D:11     | Reached skill level 11 in Axes
  6046 | D:11     | Found Gisocel's Book Shoppe.
  6058 | D:11     | Reached **** piety under Makhleb
  6148 | D:11     | Noticed a six-headed hydra
  6156 | D:11     | Killed an eight-headed hydra
  6374 | D:11     | Found a staircase to the Lair.
  6764 | D:12     | Noticed a two-headed ogre
  6767 | D:12     | Noticed a two-headed ogre
  6785 | D:12     | Killed a two-headed ogre
  6785 | D:12     | Reached skill level 10 in Fighting
  6789 | D:12     | Killed a two-headed ogre
  6846 | D:12     | Noticed a five-headed hydra
  6868 | D:12     | HP: 3/108 [eight-headed hydra (7)]
  6871 | D:12     | Killed an eight-headed hydra
  7013 | D:12     | Reached XP level 12. HP: 40/116 MP: 11/11
  7251 | D:12     | Reached skill level 12 in Axes
  7266 | D:12     | You fall into a shaft and drop 2 floors!
  7414 | D:13     | Found a runed translucent gate.
  7416 | D:13     | Found a runed translucent gate.
  7427 | D:13     | Reached skill level 5 in Shields
  7444 | D:13     | Noticed a nine-headed hydra
  7444 | D:13     | Noticed Bial's ghost (journeyman MiFi)
  7445 | D:13     | Noticed an 11-headed hydra
  7468 | D:13     | Found a runed translucent gate.
  7796 | D:12     | Identified a scroll of acquirement
  7800 | D:12     | Acquired a +2 pair of boots of rampaging
  8011 | D:13     | Noticed a two-headed ogre
  8018 | D:13     | Killed a two-headed ogre
  8478 | D:14     | Reached ***** piety under Makhleb
  8495 | D:14     | Noticed a centaur warrior
  8496 | D:14     | Noticed a centaur warrior
  8499 | D:14     | Noticed a centaur warrior
  8501 | D:14     | Killed a centaur warrior
  8507 | D:14     | Killed a centaur warrior
  8517 | D:14     | Killed a centaur warrior
  8517 | D:14     | Reached skill level 10 in Invocations
  8567 | D:14     | Noticed a centaur warrior
  8572 | D:14     | Killed a centaur warrior
  8572 | D:14     | Reached skill level 13 in Axes
  8594 | D:14     | Noticed a five-headed hydra
  8603 | D:14     | Noticed a tengu warrior
  8619 | D:14     | Killed an 11-headed hydra
  8619 | D:14     | Reached skill level 10 in Armour
  8619 | D:14     | Reached XP level 13. HP: 70/127 MP: 0/12
  8740 | D:14     | Found a gate to the Vaults.
  8854 | D:14     | Found Ritwiffo's Antique Weapon Emporium.
  9499 | D:15     | Entered Level 15 of the Dungeon
  9539 | D:15     | Got a shimmering chain mail
  9561 | D:14     | Identified the +7 chain mail "Ymnoitet" {rN++ MR- rCorr
                  | Dex+4} (You found it on level 15 of the Dungeon)
  9786 | D:15     | Reached skill level 1 in Evocations
 10117 | D:15     | Found the +12 glaive of Prune {vorpal}
 10156 | D:15     | Reached skill level 14 in Axes
 10601 | D:15     | Found a staircase to the Depths.
 10816 | Lair:1   | Entered Level 1 of the Lair of Beasts
 10905 | Lair:1   | Gained mutation: You resist negative energy. (rN+) [Deep
                  | Dwarf growth]
 10905 | Lair:1   | Reached XP level 14. HP: 97/139 MP: 8/8
 11041 | Lair:2   | Reached ****** piety under Makhleb
 11167 | Lair:2   | Noticed Gastronok
 11182 | Lair:2   | Killed Gastronok
 12080 | Lair:3   | Found a hole to the Spider Nest.
 12290 | Lair:3   | Found a staircase to the Shoals.
 12430 | Lair:3   | Acquired 1036 gold pieces
 12463 | Spider:1 | Entered Level 1 of the Spider Nest
 12463 | Spider:1 | Noticed an entropy weaver
 12583 | Spider:1 | Noticed an emperor scorpion
 12592 | Lair:3   | Killed an entropy weaver
 12633 | Lair:3   | Reached skill level 5 in Evocations
 12700 | Lair:3   | Killed an emperor scorpion
 12744 | Spider:1 | Reached skill level 15 in Axes
 12887 | Spider:1 | Noticed an emperor scorpion
 12899 | Spider:1 | Killed an emperor scorpion
 13259 | Spider:4 | Entered Level 4 of the Spider Nest
 13259 | Spider:4 | Noticed Asterion
 13264 | Spider:4 | Noticed Kirke
 13276 | Spider:4 | Reached XP level 15. HP: 42/148 MP: 6/6
 13277 | Spider:4 | Killed Asterion
 13278 | Spider:4 | Killed Kirke
 13325 | Spider:4 | Noticed a ghost moth
 13333 | Spider:4 | Killed a ghost moth
 13389 | Spider:4 | Noticed a ghost moth
 13394 | Spider:4 | Killed a ghost moth
 13406 | Spider:4 | Noticed a ghost moth
 13412 | Spider:4 | Killed a ghost moth
 13605 | Spider:4 | Got a gossamer rune of Zot
 13777 | Shoals:1 | Entered Level 1 of the Shoals
 13798 | Shoals:1 | Found a transporter.
 13798 | Shoals:1 | Identified the +5 demon trident "Leeproud" {freeze, rPois
                  | rF- SInv}
 13798 | Shoals:1 | Identified the +6 trident "Luqi" {antimagic, rElec rN+
                  | Int+2}
 13799 | Shoals:1 | Noticed Weimiffu's ghost (adept DDEE)
 13802 | Shoals:1 | Found a bloodstained altar of Trog.
 13818 | Shoals:1 | Found a transporter.
 13898 | Shoals:3 | Acquired 540 gold pieces
 14175 | Shoals:3 | Reached skill level 16 in Axes
 14194 | Shoals:3 | Noticed Aizul
 14218 | Shoals:3 | Killed Aizul
 14230 | Shoals:4 | Entered Level 4 of the Shoals
 14240 | Shoals:4 | HP: 1/150 [merfolk/+0 trident (8)]
 14240 | Shoals:4 | Slain by a merfolk impaler

Illustrated notes

Levels and vault maps discovered:
D:1:      arrival_zaba_pyramid, layout_loops_corners, roderic_serpentine_path
D:2:      layout_basic, grunt_temple_overflow_open, kennysheep_boxes,
          uniq_jessica, uniq_sigmund
D:3:      layout_basic, nicolae_overflow_crystal_walls, feat_on_display
D:4:      layout_loops_ring, grunt_temple_overflow_order_and_chaos_2,
          elyvilon_altar_3, nicolae_ossuary_entry_monument, uniq_eustachio,
          uniq_duvessa, uniq_crazy_yiuf_cottage, uniq_menkaure
D:5:      cheibrodos_thug_alley, layout_basic, kennysheep_mini_moat,
          minmay_temple_entry_offerings, serial_shops, shop, lightli_minifort
D:6:      layout_cave_pods, trog_three_pillars_becter, uniq_pikel
D:7:      layout_cave_pools, hangedman_decor_opposing, uniq_harold
D:8:      layout_basic, uniq_psyche, uniq_erica
D:9:      layout_gridville, gammafunk_temple_overflow_arena, uniq_maggie
D:10:     layout_irregular_city, trog_ov_bears_minmay, uniq_maurice,
          uniq_nergalle
D:11:     layout_grid_maze, grunt_lair_entry_orc_guard_hut, orc_0_dummy,
          serial_shops, shop
D:12:     layout_irregular_city, water_maze_lemuel
D:13:     layout_basic, gammafunk_ghost_hydra_chop
D:14:     layout_basic, david_vaults_5, serial_shops, kennysheep_mini,
          solitary_fountain, hex_intersection, minmay_between
D:15:     gammafunk_enter_depths_forms, layout_basic, minivault_14,
          minmay_guarded_unrand_prune
Lair:1:   minmay_lair_venomous_thicket, layout_regular_city, uniq_urug
Lair:2:   layout_hall_layers, uniq_gastronok
Lair:3:   layout_roguey, elwin_shoals_entry_rooms, spider_nest_entry_webs,
          minmay_lair_oklob_chamber
Shoals:1: layout_shoals, gammafunk_ghost_wrathful_warriors,
          nicolae_shoals_dead_sea_scrolls
Shoals:2: layout_shoals
Shoals:3: argonaut_golden_fleece, layout_shoals, uniq_aizul
Shoals:4: shoals_end_hangedman, layout_shoals, shoals_ilsuiw_alternative,
          centaur_isle
Spider:1: layout_spider_delve
Spider:2: layout_spider_delve
Spider:3: layout_spider_delve, uniq_arachne
Spider:4: guppyfry_spider_rune, uniq_roxanne, uniq_kirke, uniq_asterion

Skill      XL: |  1  2  3  4  5  6  7  8  9 10 11 12 13 14 15 |
---------------+----------------------------------------------+-----
Fighting       | 3 4 5 6 7 9 10 11 12 13 | 13.9
Axes           | 3 4 5 6 7 9 10 11 13 14 15 16 | 16.0
Armour         | 4 5 6 7 9 10 11 12 | 12.1
Shields        | 4 6 7 8 9 |  9.7
Dodging        | 1 2 3 5 6 7 |  7.8
Invocations    | 1 3 5 7 8 10 11 12 13 | 13.0
Evocations     | 2 6 7 |  7.9

Action                   |  1- 3 |  4- 6 |  7- 9 | 10-12 | 13-15 || total
-------------------------+-------+-------+-------+-------+-------++-------
Melee: War axe           |    45 |   104 |   365 |   173 |       ||   687
       Broad axe         |       |       |       |   561 |   959 ||  1520
Invok: Lesser Servant of |       |       |       |     7 |     7 ||    14
       Greater Servant o |       |       |       |       |     9 ||     9
 Abil: Heal Wounds       |     2 |     2 |    18 |    16 |    42 ||    80
Evoke: Wand              |       |       |       |       |     3 ||     3
  Use: Scroll            |       |       |    16 |    13 |    10 ||    39
       Potion            |       |       |     2 |       |     7 ||     9
 Stab: Petrified         |       |       |       |       |     4 ||     4
       Distracted        |       |       |       |       |     9 ||     9
       Held in net/web   |       |       |       |       |     2 ||     2
Armor: Scale mail        |     9 |       |       |       |       ||     9
       Chain mail        |    24 |    49 |   201 |   310 |   712 ||  1296
       Plate armour      |       |       |       |   310 |    89 ||   399
Dodge: Dodged            |    12 |    20 |   122 |   409 |   572 ||  1135
Block: Kite shield       |    29 |    67 |   214 |   572 |   758 ||  1640

Table legend: (Time is in decaauts)
 A = Elapsed time spent in this place.
 B = Non-inter-level travel time spent in this place.
 C = Inter-level travel time spent in this place.
 D = Time resting spent in this place.
 E = Time spent auto-exploring this place.
 F = Levels seen in this place.
 G = Mean time per level.
                   A        B        C        D        E       F      G
               +--------+--------+--------+--------+--------+-----+--------+
         Total |  14476 |  13546 |    930 |    140 |   9366 |  27 |  536.1 |
       Dungeon |  10827 |  10225 |    602 |     38 |   7384 |  15 |  721.8 |
          Lair |   1946 |   1792 |    154 |    100 |   1307 |   3 |  648.7 |
        Shoals |    477 |    456 |     21 |      2 |    182 |   4 |  119.2 |
   Spider Nest |   1019 |    867 |    152 |      0 |    426 |   4 |  254.8 |
       Ossuary |    205 |    205 |      0 |      0 |     66 |   1 |  205.0 |
               +--------+--------+--------+--------+--------+-----+--------+

Top non-repeatable levels by time:
    D:14: 1251 daAuts
    D:15: 1224 daAuts
     D:5: 966 daAuts
  Lair:3: 963 daAuts
    D:12: 956 daAuts
     D:6: 948 daAuts
    D:11: 941 daAuts
     D:4: 859 daAuts
  Lair:2: 841 daAuts
     D:8: 816 daAuts
    D:13: 728 daAuts
    D:10: 727 daAuts
     D:9: 635 daAuts
     D:7: 538 daAuts
Spider:4: 377 daAuts
